 Dungeon Crawl Stone Soup version 0.20.1-1-g8b1a95d (webtiles) character file.

30 keltmir the Ruffian (level 3, 0/28 HPs)
             Began as a Draconian Transmuter on Oct 28, 2017.
             Succumbed to a kobold's poison
             ... on level 3 of the Dungeon.
             The game lasted 00:16:40 (1500 turns).

keltmir the Ruffian (Draconian Transmuter)          Turns: 1500, Time: 00:16:41

Health: 0/28       AC:  5    Str: 13    XL:     3   Next: 5%
Magic:  6/6        EV: 12    Int: 13    God:
Gold:   99         SH:  0    Dex: 11    Spells: 3/6 levels left

rFire    . . .     SeeInvis .     - Unarmed
rCold    . . .     Gourm    .   (no shield)
rNeg     . . .     Faith    .   (armour unavailable)
rPois    .         Spirit   .   (helmet restricted)
rElec    .         Reflect  .   (no cloak)
rCorr    .         Harm     .   (no gloves)
MR       .....                  (no boots)
Stlth    +.........             (no amulet)
Regen    0.1/turn               h - ring of wizardry
MPRegen  0.1/turn               (no ring)

@: lethally poisoned (0 -> -9)
A: unfitting armour, cold-blooded, AC +5
a: no special abilities


You were on level 3 of the Dungeon.
You were near starving.

You visited 1 branch of the dungeon, and saw 3 of its levels.

You collected 99 gold pieces.

Inventory:

Hand Weapons
 e - a +1 vampiric short sword
Missiles
 a - 34 arrows
Jewellery
 h - a ring of wizardry (left hand)
Scrolls
 d - a scroll of magic mapping {unknown}
 f - 2 scrolls of blinking {unknown}
 i - a scroll of enchant weapon {unknown}
 j - a scroll of immolation {unknown}
 n - a scroll of teleportation {unknown}
 o - a scroll of random uselessness {unknown}
Potions
 g - a potion of heal wounds {unknown}
 l - a potion of magic
 m - a potion of haste {unknown}
 p - a potion of cancellation {unknown}
Books
 b - a book of Changes

   Spells                             Type                      Level
   a - Beastly Appendage              Transmutation                1
   b - Sticks to Snakes               Transmutation                2
   c - Spider Form                    Transmutation/Poison         3
   d - Ice Form                       Ice/Transmutation            4
   e - Blade Hands                    Transmutation                5
Comestibles
 c - a bread ration


   Skills:
 - Level 1.1 Fighting
 + Level 2.0 Dodging
 + Level 1.0 Stealth
 + Level 3.0 Unarmed Combat
 + Level 2.3 Spellcasting
 * Level 2.6 Transmutations


You had 3 spell levels left.
You knew the following spells:

 Your Spells              Type           Power        Failure   Level  Hunger
a - Beastly Appendage     Tmut           #.....       3%          1    #......
b - Sticks to Snakes      Tmut           #.......     4%          2    ###....


Dungeon Overview and Level Annotations

Branches:
Dungeon (3/15)

Altars:
Kikubaaqudgha
Makhleb
Nemelex Xobeh
Xom


Innate Abilities, Weirdness & Mutations

Your plain brown scales are hard. (AC +5)
You cannot fit into any form of body armour.
You are cold-blooded and may be slowed by cold attacks.


Message History

You feel sick.
There is a stone staircase leading up here.
Casting: Sticks to Snakes
Confirm with . or Enter, or press ? or * to list all spells.
You create a snake!
You now have 34 arrows.
* * * LOW HITPOINT WARNING * * *
You feel sick. The adder bites you.
* * * LOW HITPOINT WARNING * * *
The kobold closely misses you.
You swap places.
* * * LOW HITPOINT WARNING * * *
You feel sick.
The adder barely misses your ball python.
The kobold barely misses your ball python.
Your ball python bites the adder.
Your ball python closely misses the adder.
The adder misses your ball python.
It was a potion of magic.
Magic courses through your body.
You are near starving!
You die... #. #. .. #. #. #. #K######### #SS@....... ###########

You could see an adder, a kobold and a friendly ball python.

Vanquished Creatures
  3 leopard geckos
  A giant cockroach (D:2)
  2 goblins (D:2)
  3 hobgoblins (D:1)
  3 jackals (D:2)
  2 kobolds (D:1)
  4 bats (D:1)
  A frilled lizard (D:1)
  4 rats (D:1)
23 creatures vanquished.

Vanquished Creatures (collateral kills)
  A goblin (D:2)
  A jackal (D:2)
2 creatures vanquished.

Grand Total: 25 creatures vanquished

Notes
Turn   | Place    | Note
-------+----------+-------------------------------------------
     0 | D:1      | keltmir the Draconian Transmuter began the quest for the Orb.
     0 | D:1      | Reached XP level 1. HP: 16/16 MP: 3/3
   187 | D:1      | Reached XP level 2. HP: 13/23 MP: 5/5
   380 | D:1      | Learned a level 2 spell: Sticks to Snakes
  1028 | D:2      | Reached skill level 1 in Stealth
  1069 | D:2      | Found a sparkling altar of Nemelex Xobeh.
  1107 | D:2      | Found an ancient bone altar of Kikubaaqudgha.
  1255 | D:2      | Found a burning altar of Makhleb.
  1270 | D:2      | Found a shimmering altar of Xom.
  1273 | D:2      | Reached XP level 3. HP: 28/28 MP: 6/6
  1499 | D:3      | HP: 1/28 [poisoned by a kobold]
  1500 | D:3      | Succumbed to a kobold's poison

Skill      XL: |  1  2 |
---------------+-------+-----
Dodging        | 2 |  2.0
Stealth        | 1 |  1.0
Fighting       | |  1.1
Unarmed Combat | |  3.0
Spellcasting   | |  2.3
Transmutations | |  2.6

Action                   || total
-------------------------++-------
Melee: Unarmed           ||   110
       Tailslap          ||     8
       Punch             ||     3
       Kick              ||     2
       Headbutt          ||     4
 Cast: Beastly Appendage ||     8
       Sticks to Snakes  ||     7
  Use: Scroll            ||     1
       Potion            ||     3
 Stab: Sleeping          ||     1
  Eat: Chunk             ||     1
Armor: Skin              ||    53
Dodge: Dodged            ||   117
